AoeStats
← Eugenius

Black Forest

508750632Analyzed
4v4 RM · 8d ago on Sep 23, 2026· 31m 33s· 8 players
Game mode
Random Map
Map size
Large (8 player)
Population
200
Speed
Normal
Resources
Standard
Victory
Conquest
Starting age
Dark Age
Ending age
Imperial Age
RankedLock teamsTeams togetherTeam positionsShared explorationLock speedFull tech treeHidden civsTurbo modeCheats
Victory
Defeat
🇩🇪 Persians · Germany
1767
+13
🇳🇴 Mongols · Norway
1679
+16
🇷🇺 Danes · Russia
1616
+19
🇩🇪 Saxons · Germany
1497
+22
🇺🇸 Italians · United States
1772
-21
🇲🇽 Gurjaras · Mexico
1711
-19
🇵🇪 Ethiopians · Peru
1711
-19
🇦🇷 Danes · Argentina
1521
-11
Rex Caedis
10:41 Feudal Age
14:12 Castle Age
12:32 Double-Bit Axe
12:28 Horse Collar
14:52 Bow Saw
14:43 Heavy Plow
22:20 Wheelbarrow
22:30 Scale Barding Armor
22:47 Gold Mining
23:15 Loom
24:11 Chain Barding Armor
24:55 Bloodlines
24:45 Husbandry
25:13 Forging
26:28 Iron Casting
28:53 Gold Shaft Mining
29:16 Stone Mining
33:35 Imperial Age
Angus McFife
0:46 Loom
10:09 Feudal Age
14:06 Castle Age
12:34 Double-Bit Axe
12:51 Horse Collar
16:25 Bow Saw
18:25 Wheelbarrow
24:34 Gold Mining
30:41 Imperial Age
29:23 Fletching
30:01 Ballistics
30:42 Capped Ram
31:21 Bodkin Arrow
31:48 Conscription
31:50 Drill
31:45 Siege Engineers
Benni
10:22 Feudal Age
14:01 Castle Age
12:46 Double-Bit Axe
12:43 Horse Collar
14:58 Bow Saw
20:45 Scale Mail Armor
22:03 Squires
24:08 Loom
24:59 Wheelbarrow
30:15 Heavy Plow
30:28 Arson
FarI
1:21 Loom
1:30 Loom
10:50 Feudal Age
12:08 Double-Bit Axe
14:35 Castle Age
15:31 Bow Saw
26:20 Coinage
Paco Gerte Alrato
2:11 Loom
9:44 Feudal Age
15:41 Castle Age
14:46 Double-Bit Axe
18:24 Redemption
22:25 Horse Collar
28:10 Husbandry
28:21 Bloodlines
29:06 Scale Barding Armor
31:14 Forging
Eugenius
9:35 Feudal Age
10:47 Fletching
15:25 Loom
19:32 Castle Age
19:35 Crossbowman
21:04 Bodkin Arrow
22:46 Padded Archer Armor
24:19 Ballistics
28:01 Horse Collar
quesarito
0:26 Loom
10:04 Feudal Age
10:42 Double-Bit Axe
16:07 Horse Collar
16:42 Fletching
23:40 Castle Age
24:21 Bodkin Arrow
24:33 Thumb Ring
24:40 Crossbowman
26:51 Padded Archer Armor
27:23 Ballistics
27:07 Heavy Plow
29:17 Bow Saw
31:07 Wheelbarrow
Rhapcore
10:45 Feudal Age
12:29 Double-Bit Axe
14:56 Castle Age
13:07 Fletching
15:01 Gold Mining
16:36 Husbandry
16:55 Bodkin Arrow
21:48 Town Watch
25:16 Horse Collar
26:37 Crossbowman
27:24 Thumb Ring
30:11 Ballistics
Connection lost

Rejoining the realm…

Still unreachable

The connection could not be restored.

Session expired

The server has moved on; the page needs a fresh start.